 Dungeon Crawl Stone Soup version 0.31.0-7-gf635a9b802 (webtiles) character file.

Game seed: 4486134730719129919

621 JustSomeDude the Ducker (level 7, -9/54 (60) HPs)
             Began as a Gnoll Monk on Jan 24, 2024.
             Was an Initiate of Yredelemnul.
             Mangled by a wight
             ... wielding a +4 dire flail of freezing
              (19 damage)
             ... on level 4 of the Dungeon.
             The game lasted 00:14:42 (3077 turns).

JustSomeDude the Ducker (Gnoll Monk)                Turns: 3077, Time: 00:14:43

HP:   -9/54 (60)    AC:  3    Str: 14    XL:     7   Next: 46%
MP:   10/10         EV: 15    Int: 15    God:    Yredelemnul [......]
Gold: 243           SH:  0    Dex: 15    Spells: 11/11 levels left

rFire   + . .        m - +0 spear
rCold   + . .        d - orb {light}
rNeg    . . .        b - +0 robe
rPois   .            (no helmet)
rElec   .            q - scarf {rC+ rF+}
rCorr   +            (no gloves)
SInv    .            y - +0 pair of boots
Will    .....        j - amulet of faith
Stlth   +            f - +6 ring of intelligence
HPRegen 0.29/turn    r - ring of resist corrosion
MPRegen 0.12/turn

%: faith
@: glowing, heavily drained
A: fangs 1, strong nose, distributed training, hooves 1, strong 1
a: Renounce Religion, Recall Undead Harvest


You were on level 4 of the Dungeon.
You worshipped Yredelemnul.
Yredelemnul was noncommittal.
You visited 1 branch of the dungeon, and saw 4 of its levels.
You also visited: Sewer.

You collected 243 gold pieces.

Inventory:

Hand Weapons
 a - a +0 hand axe
 m - a +0 spear (weapon)
Missiles
 e - a throwing net (quivered)
Armour
 b - a +0 robe (worn)
 d - an orb of light (worn)
 q - a scarf of resistance (worn)
 y - a +0 pair of boots (worn)
Jewellery
 f - a +6 ring of intelligence (left hand)
 g - an amulet of the acrobat
 i - a ring of wizardry
 j - an amulet of faith (around neck)
 r - a ring of resist corrosion (right hand)
Wands
 s - a wand of flame (7)
Scrolls
 h - 5 scrolls of teleportation
 l - 2 scrolls of acquirement {unknown}
 n - a scroll of enchant armour {unknown}
 o - 3 scrolls of identify {unknown}
 t - a scroll of enchant weapon {unknown}
 v - a scroll of fog {unknown}
 x - a scroll of revelation
Potions
 c - a potion of ambrosia
 p - 3 potions of enlightenment
 w - a potion of brilliance {unknown}
 z - a potion of might {unknown}


   Skills:
 + Level 7.1 Fighting
 + Level 2.6 Short Blades
 + Level 2.6 Long Blades
 + Level 7.1 Axes
 + Level 2.6 Maces & Flails
 + Level 2.6 Polearms
 + Level 2.6 Staves
 + Level 2.6 Ranged Weapons
 + Level 2.6 Throwing
 + Level 2.6 Armour
 + Level 7.1 Dodging
 + Level 2.6 Stealth
 + Level 2.6 Shields
 + Level 2.6 Unarmed Combat
 + Level 2.6 Spellcasting
 + Level 2.1 Conjurations
 + Level 2.1 Hexes
 + Level 2.1 Summonings
 + Level 2.1 Necromancy
 + Level 2.1 Translocations
 + Level 2.1 Fire Magic
 + Level 2.1 Ice Magic
 + Level 2.1 Air Magic
 + Level 2.1 Earth Magic
 + Level 2.1 Alchemy
 + Level 2.9 Invocations
 + Level 2.6 Evocations
 + Level 2.3 Shapeshifting


You had 11 spell levels left.
You didn't know any spells.
Your spell library contained the following spells:

 Spells                   Type           Power      Damage    Failure   Level
 Shock                    Conj/Air       32%        1d5       9%          1
 Hailstorm                Conj/Ice       8%         3d5       26%         3
 Summon Ice Beast         Ice/Summ       8%         N/A       26%         3
 Swiftness                Air            8%         N/A       26%         3
 Airstrike                Air            4%         2d(1-17)  65%         4
 Sculpt Simulacrum        Ice/Alch       4%         N/A       100%        6


Dungeon Overview and Level Annotations

Branches:
Dungeon (4/15)              Sewer (visited)
 Temple: D:4-7

Altars:
Yredelemnul

Shops:
D:2 =


Innate Abilities, Weirdness & Mutations

You have very sharp teeth.
Your uncanny sense of smell can sniff out nearby items.
Your experience applies equally to all skills.
You have large cloven feet.
Your muscles are strong. (Str +4, Int/Dex -1)


Message History

No target in view!
No target in view!
No target in view!
No target in view!
No target in view!
No target in view!
No target in view!
No target in view!
No target in view!
No target in view!
You start resting.
HP restored.
You open the door.
A wight comes into view.
It is wielding a +4 dire flail of freezing.
You hit the wight.
The wight is moderately damaged.
The wight closely misses you.
You hit the wight but do no damage.
The wight is moderately damaged.
The wight hits you with a +4 dire flail of freezing!
The wight freezes you.
You hit the wight. You bite the wight, but do no damage.
The wight is moderately damaged.
The wight hits you with a +4 dire flail of freezing!
The wight freezes you.
You hit the wight but do no damage.
The wight is moderately damaged.
The wight barely misses you.
You hit the wight but do no damage.
The wight is moderately damaged.
The wight hits you with a +4 dire flail of freezing!
* * * LOW HITPOINT WARNING * * *
You feel drained.
* * * LOW HITPOINT WARNING * * *
The wight freezes you.
* * * LOW HITPOINT WARNING * * *
It was a potion of cancellation.
You feel magically purged.
The wight hits you with a +4 dire flail of freezing!!
You die...
Your body rises from the dead as a mindless zombie.

####### #.#.##8####
+#+#+#+#'#'###...# ######
.......@....').#.# .....#
+#+#+#+#z#'#####Z# ####.#
.#.# #Z# #.#
#################.#
####.####.#.....#.##
#.##Z#
...................#
#.##.##
.######.#.#.....#..#
#.#.Z.## .#
##.#..Z.<...#..###.#...Z#
.#
##Z##..#####...ZZZZZ#....#


You could see a wight.

Vanquished Creatures
  2 crocodiles (Sewer)
  A phantom (D:4)
  A wight (D:4)
  A scorpion zombie (D:4)
  A sickly merfolk siren (Sewer)
  4 gnolls (D:2)
  6 adders
  2 river rats (Sewer)
  2 ribbon worms
  6 dart slugs
  3 orcs (D:4)
  6 ball pythons
  7 endoplasms
  6 giant cockroaches
  5 goblins
  3 hobgoblins
  9 jackals
  4 quokkas
  5 bats
  7 frilled lizards
  7 kobolds
  A quokka zombie (D:4)
  19 rats
108 creatures vanquished.

Vanquished Creatures (collateral kills)
  A malarious merfolk avatar (Sewer)
  2 adders (Sewer)
  An endoplasm (D:3)
  A giant cockroach (Sewer)
  4 rats
9 creatures vanquished.

Vanquished Creatures (others)
  A spectral merfolk (Sewer)
  2 adder zombies (D:4)
  A ball python zombie (D:4)
  An endoplasm zombie (D:4)
  A frilled lizard zombie (Sewer)
  2 giant cockroach zombies (Sewer)
  A kobold zombie (D:4)
  2 orc zombies (D:4)
  A quokka zombie (Sewer)
  9 rat zombies
  2 river rat zombies (Sewer)
23 creatures vanquished.

Grand Total: 140 creatures vanquished

Notes
Turn   | Place    | Note
-------+----------+-------------------------------------------
     0 | D:1      | JustSomeDude the Gnoll Monk began the quest for the Orb.
     0 | D:1      | Reached XP level 1. HP: 23/23 MP: 1/1
    55 | D:1      | Reached XP level 2. HP: 25/29 MP: 2/2
   161 | D:1      | Reached XP level 3. HP: 29/35 MP: 3/3
   350 | D:1      | Reached skill level 1 in Invocations
   630 | D:2      | Reached skill level 1 in Short Blades
   630 | D:2      | Reached skill level 1 in Long Blades
   630 | D:2      | Reached skill level 1 in Maces & Flails
   630 | D:2      | Reached skill level 1 in Polearms
   630 | D:2      | Reached skill level 1 in Staves
   630 | D:2      | Reached skill level 1 in Ranged Weapons
   630 | D:2      | Reached skill level 1 in Throwing
   630 | D:2      | Reached skill level 1 in Armour
   630 | D:2      | Reached skill level 1 in Stealth
   630 | D:2      | Reached skill level 1 in Shields
   630 | D:2      | Reached skill level 1 in Unarmed Combat
   630 | D:2      | Reached skill level 1 in Spellcasting
   630 | D:2      | Reached skill level 1 in Evocations
   720 | D:2      | Reached skill level 1 in Shapeshifting
   720 | D:2      | Reached XP level 4. HP: 39/41 MP: 5/5
   740 | D:2      | Gained mutation: You have large cloven feet. [potion of
                  | mutation]
   740 | D:2      | Gained mutation: Your muscles are strong. (Str +4, Int/Dex
                  | -1) [potion of mutation]
   759 | D:2      | Reached skill level 1 in Conjurations
   759 | D:2      | Reached skill level 1 in Hexes
   759 | D:2      | Reached skill level 1 in Summonings
   759 | D:2      | Reached skill level 1 in Necromancy
   759 | D:2      | Reached skill level 1 in Translocations
   759 | D:2      | Reached skill level 1 in Fire Magic
   759 | D:2      | Reached skill level 1 in Ice Magic
   759 | D:2      | Reached skill level 1 in Air Magic
   759 | D:2      | Reached skill level 1 in Earth Magic
   759 | D:2      | Reached skill level 1 in Alchemy
   929 | D:2      | Found a faded altar of an unknown god.
   939 | D:2      | Prayed at the altar of an unknown god.
   939 | D:2      | Became a worshipper of Yredelemnul the Dark
   939 | D:2      | Reached * piety under Yredelemnul
   939 | D:2      | Reached ** piety under Yredelemnul
  1113 | D:2      | Reached XP level 5. HP: 47/47 MP: 7/7
  1146 | D:2      | Found Unemim's Jewellery Shoppe.
  1164 | D:2      | Reached *** piety under Yredelemnul
  1468 | D:3      | Found a glowing drain.
  1520 | Sewer    | Entered a sewer
  1567 | Sewer    | Noticed a crocodile
  1596 | Sewer    | Killed a crocodile
  1597 | Sewer    | Reached XP level 6. HP: 32/53 MP: 8/8
  1885 | Sewer    | Reached XP level 7. HP: 32/60 MP: 10/10
  3077 | D:4      | Mangled by a wight

Illustrated notes

Levels and vault maps discovered:
D:1:      spicycebolla_arrival_clurvy, layout_basic
D:2:      layout_loops_ring, hellmonk_ecumenical_altar_lost_god, serial_shops,
          nicolae_lakefront_shop
D:3:      layout_loops_cross, nicolae_overflow_hallway_of_the_gods,
          mainiacjoe_sewer_entry_somewhere_in_here_2
D:4:      layout_loops_ring, lemuel_mausoleum_altar_yredelemnul

Skill      XL: |  1  2  3  4  5  6  7 |
---------------+----------------------+-----
Invocations    | 1 2 |  2.9
Short Blades   | 1 2 |  2.6
Long Blades    | 1 2 |  2.6
Maces & Flails | 1 2 |  2.6
Polearms       | 1 2 |  2.6
Staves         | 1 2 |  2.6
Ranged Weapons | 1 2 |  2.6
Throwing       | 1 2 |  2.6
Armour         | 1 2 |  2.6
Stealth        | 1 2 |  2.6
Shields        | 1 2 |  2.6
Unarmed Combat | 1 2 |  2.6
Spellcasting   | 1 2 |  2.6
Evocations     | 1 2 |  2.6
Shapeshifting  | 1 2 |  2.3
Conjurations   | 1 2 |  2.1
Hexes          | 1 2 |  2.1
Summonings     | 1 2 |  2.1
Necromancy     | 1 2 |  2.1
Translocations | 1 2 |  2.1
Fire Magic     | 1 2 |  2.1
Ice Magic      | 1 2 |  2.1
Air Magic      | 1 2 |  2.1
Earth Magic    | 1 2 |  2.1
Alchemy        | 1 2 |  2.1
Fighting       | 7 |  7.1
Axes           | 7 |  7.1
Dodging        | 7 |  7.1

Action                     |  1- 3 |  4- 6 |  7- 9 || total
---------------------------+-------+-------+-------++-------
  Melee: Hand axe          |    91 |    29 |       ||   120
         Bite              |     9 |    14 |    20 ||    43
         Kick              |       |    56 |       ||    56
         Spear             |       |   159 |   129 ||   288
    Use: Potion            |       |     3 |     1 ||     4
         Scroll            |       |     1 |       ||     1
   Stab: Distracted        |       |     2 |       ||     2
 Armour: Robe              |    29 |    36 |    55 ||   120
  Dodge: Dodged            |    79 |   107 |    54 ||   240
